 Dungeon Crawl Stone Soup version 0.31-a0-978-g1e143483b6 (webtiles) character file.

Game seed: 4082058820786953555

93 Dordric the Ruffian (level 4, -1/35 HPs)
             Began as a Draconian Shapeshifter on Oct 30, 2023.
             Killed from afar by a dart slug (5 damage)
             ... with a slug dart
             ... on level 3 of the Dungeon.
             The game lasted 00:01:57 (1759 turns).

Dordric the Ruffian (Draconian Shapeshifter)        Turns: 1759, Time: 00:01:57

Health: -1/35      AC:  5    Str: 18    XL:     4   Next: 37%
Magic:  4/4        EV: 12    Int: 10    God:
Gold:   64         SH:  5    Dex: 17    Spells: 3/3 levels left

rFire   . . .        f - +4 whip
rCold   . . .        (no shield)
rNeg    . . .        (body armour unavailable)
rPois   .            (helmet currently unavailable)
rElec   .            (cloak currently unavailable)
rCorr   .            (gloves currently unavailable)
SInv    .            (boots currently unavailable)
Will    +....        d - amulet of reflection
Stlth   ++           o - +6 ring of dexterity
HPRegen 0.25/turn    q - ring of willpower
MPRegen 0.09/turn

%: reflection
@: beast-form
A: beast (slay +1), AC +5, unfitting armour, cold-blooded
a: Begin Untransformation


You were on level 3 of the Dungeon.
You were a hulking beast.
You visited 1 branch of the dungeon, and saw 3 of its levels.

You collected 64 gold pieces.

Inventory:

Hand Weapons
 f - a +4 whip (weapon)
Armour
 h - a +0 pair of gloves
Jewellery
 d - an amulet of reflection (around neck)
 o - a +6 ring of dexterity (left hand)
 q - a ring of willpower (right hand)
Talismans
 b - a beast talisman
 c - a flux talisman
Scrolls
 e - a scroll of noise {unknown}
 i - 3 scrolls of immolation
 k - a scroll of teleportation {unknown}
 l - 4 scrolls of identify {unknown}
 m - 2 scrolls of fear {unknown}
 n - 4 scrolls of vulnerability {unknown}
Potions
 a - a potion of lignification
 g - a potion of magic {unknown}
 j - 2 potions of attraction {unknown}
 p - 2 potions of degeneration {unknown}


   Skills:
 - Level 1.1 Fighting
 - Level 1.7 Dodging
 + Level 5.2 Unarmed Combat
 - Level 3.0 Shapeshifting


You had 3 spell levels left.
You didn't know any spells.
Your spell library was empty.

Dungeon Overview and Level Annotations

Branches:
Dungeon (3/15)

Altars:

Shops:
D:1 !


Innate Abilities, Weirdness & Mutations

You are a hulking beast.
Your limbs bulge with bestial killing power. (Slay +1)
Your plain brown scales are hard. (AC +5)
You cannot fit into any form of body armour.
You are cold-blooded and may be slowed by cold attacks.


Message History

You hit Ijyb but do no damage.
Your tail-slap misses Ijyb.
Ijyb is almost dead.
You block Ijyb's attack. The dart slug barely misses you.
You completely miss Ijyb.
Ijyb is almost dead.
Ijyb hits you with a +0 dagger.
* * * LOW HITPOINT WARNING * * *
The dart slug barely misses you.
You closely miss Ijyb.
Your tail-slap misses Ijyb.
Ijyb is almost dead.
Ijyb barely misses you. The dart slug closely misses you.
Ijyb hits you but does no damage.
You closely miss Ijyb.
Ijyb is almost dead.
You block Ijyb's attack. The dart slug bites you.
* * * LOW HITPOINT WARNING * * *
You hit Ijyb but do no damage.
Ijyb is almost dead.
Ijyb barely misses you.
You closely miss Ijyb.
Ijyb is almost dead.
The dart slug bites you but does no damage.
You block Ijyb's attack.
You barely miss Ijyb. You tail-slap Ijyb.
Ijyb is almost dead.
Ijyb zaps a wand.
You resist with significant effort.
The dart slug bites you but does no damage.
You whack Ijyb!
You kill Ijyb!
The dart slug barely misses you.
Your Unarmed Combat skill increases to level 5!
You have reached level 4!
You feel agile.
You hit the dart slug.
The dart slug is lightly wounded.
You hit the dart slug.
The dart slug is severely wounded.
The dart slug launches a dart at you. The slug dart hits you.
You die...

#.# ... #.# ##.#
########.# #..#
#.###......... #.?#
#............# #..#
#.##.#.####### #..#
#...###.....# #w)#
#..#.#.####### #.h#
#..##.##...... #.$#
#..##.##......
###.#..###.....##..##.#
...$.............#..#.#.
[.<.....####.#####...#.#
######..# #.# #..#.##
....# #.# #...... ....##
#.#####...... #####
#.....####''#


You could see a dart slug.

Vanquished Creatures
  Ijyb (D:3)
  A gnoll (D:1)
  2 adders
  A dart slug (D:2)
  An orc (D:3)
  2 bats (D:1)
  2 endoplasms
  2 giant cockroaches (D:1)
  4 goblins
  2 hobgoblins
  4 jackals (D:3)
  4 kobolds
  A quokka (D:2)
  3 ball pythons
  2 frilled lizards
  2 rats (D:1)
34 creatures vanquished.

Notes
Turn   | Place    | Note
-------+----------+-------------------------------------------
     0 | D:1      | Dordric the Draconian Shapeshifter began the quest for the
                  | Orb.
     0 | D:1      | Reached XP level 1. HP: 16/16 MP: 1/1
   348 | D:1      | Reached XP level 2. HP: 21/23 MP: 2/2
   415 | D:1      | Found a faded altar of an unknown god.
   433 | D:1      | Reached skill level 4 in Unarmed Combat
   552 | D:1      | Found Edghac's Distillery.
   789 | D:2      | Reached XP level 3. HP: 28/28 MP: 3/3
  1730 | D:3      | Noticed Ijyb
  1753 | D:3      | HP: 1/28 [dart slug (2)]
  1757 | D:3      | Killed Ijyb
  1758 | D:3      | Reached skill level 5 in Unarmed Combat
  1758 | D:3      | Reached XP level 4. HP: 3/35 MP: 4/4
  1759 | D:3      | Killed from afar by a dart slug

Illustrated notes

Levels and vault maps discovered:
D:1:      minmay_arrival_five_plusses, layout_basic, serial_shops,
          nicolae_shop_advertising_works [nicolae_subvault_shop_adworks],
          hellmonk_ecumenical_altar_blasted, minivault_24, st_stairs_3
D:2:      wander_river, layout_loops_cross
D:3:      layout_loops_ring, kennysheep_generic_room_4, uniq_ijyb

Skill      XL: |  1  2  3 |
---------------+----------+-----
Unarmed Combat | 4 5 |  5.2
Fighting       | |  1.1
Dodging        | |  1.7
Shapeshifting  | |  3.0

Action                     |  1- 3 |  4- 6 || total
---------------------------+-------+-------++-------
  Melee: Whip              |    91 |     2 ||    93
         Unarmed           |     9 |       ||     9
         Tailslap          |     4 |       ||     4
         Punch             |     1 |       ||     1
   Stab: Sleeping          |     2 |       ||     2
 Armour: Skin              |    57 |     1 ||    58
  Dodge: Dodged            |    54 |       ||    54
  Block: Other             |    13 |       ||    13

Table legend: (Time is in decaauts)
 A = Elapsed time spent in this place.
 B = Non-inter-level travel time spent in this place.
 C = Inter-level travel time spent in this place.
 D = Time resting spent in this place.
 E = Time spent auto-exploring this place.
 F = Levels seen in this place.
 G = Mean time per level.
                   A        B        C        D        E       F      G
               +--------+--------+--------+--------+--------+-----+--------+
         Total |   1782 |   1702 |     80 |      0 |   1421 |   3 |  594.0 |
       Dungeon |   1782 |   1702 |     80 |      0 |   1421 |   3 |  594.0 |
               +--------+--------+--------+--------+--------+-----+--------+

Top non-repeatable levels by time:
     D:1: 772 daAuts
     D:2: 676 daAuts
     D:3: 334 daAuts
